[Event "Titled Tuesday Blitz January 31 Early 2023"]
[White "Martic, Ivan"]
[Black "Hoffmann, Asa"]
[WhiteFideId "929301"]
[BlackFideId "2001470"]
[WhiteElo "2301"]
[BlackElo "2185"]
[Result "1-0"]
[Round "11"]
[TimeControl "180+2"]
[Date "2023.01.31"]
[WhiteClock "0:01:49"]
[BlackClock "0:00:33"]

1. e4 d6 2. d4 Nf6 3. Nc3 c6 4. f4 Qa5 5. Bd3 e5 6. Nf3 exd4 7. Nxd4 Qb6 8. Nb3 a5 9. Qe2 a4 10. Be3 Qb4 11. a3 axb3 12. axb4 Rxa1+ 13. Kd2 Rxh1 14. e5 dxe5 15. fxe5 bxc2 16. Kxc2 Ng4 17. Bf4 Be7 18. h3 Nh6 19. Bxh6 gxh6 20. Ne4 Nd7 21. Nd6+ Bxd6 22. exd6+ Kf8 23. Qe7+ Kg7 24. Bf5 Nf6 25. Bxc8 Rxc8 26. d7 Nxd7 27. Qxd7 Rg8 28. Qxb7 Re8 29. Qxc6 Re2+ 30. Kb3 Rh2 31. Qc3+ Kf8 32. Qc5+ Kg8 33. Qc8+ Kg7 34. Qc3+ Kf8 35. Qc5+ Kg7 36. Qd4+ Kf8 37. Qd6+ Kg7 38. Qxh2 1-0


[Site "https://www.chess.com"]

[Event "Titled Tuesday Blitz January 31 Early 2023"]
[White "Matveeva, Olga"]
[Black "Golubev, Mikhail"]
[WhiteFideId "24107018"]
[BlackFideId "14100983"]
[WhiteElo "2128"]
[BlackElo "2461"]
[Result "1-0"]
[Round "11"]
[TimeControl "180+2"]
[Date "2023.01.31"]
[WhiteClock "0:00:07"]
[BlackClock "0:00:01"]

1. d4 g6 2. c4 Bg7 3. Nf3 d6 4. g3 Nf6 5. Bg2 O-O 6. O-O Nbd7 7. Nc3 e5 8. e4 Re8 9. h3 b6 10. Be3 exd4 11. Nxd4 Bb7 12. Qc2 Nc5 13. f3 d5 14. cxd5 Nxd5 15. Nxd5 Bxd5 16. Rfd1 Qe7 17. Bf2 Bb7 18. Rac1 a5 19. Nb5 Ne6 20. Qa4 Bxb2 21. Rc2 Bg7 22. Nxc7 Nxc7 23. Rd7 Qb4 24. Qxb4 axb4 25. Rcxc7 Bc8 26. Rxf7 Be5 27. Ra7 Be6 28. Rxh7 Bxa2 29. f4 b3 30. Bf1 b2 31. Bd3 Rad8 32. Bc2 1-0


[Site "https://www.chess.com"]

[Event "Titled Tuesday Blitz January 31 Early 2023"]
[White "Lopez Idarraga, Daniel Eduardo"]
[Black "Przybylski, Wojciech"]
[WhiteFideId "4405501"]
[BlackFideId "1117599"]
[WhiteElo "2009"]
[BlackElo "2321"]
[Result "1-0"]
[Round "11"]
[TimeControl "180+2"]
[Date "2023.01.31"]
[WhiteClock "0:01:46"]
[BlackClock "0:01:29"]

1. Nf3 Nc6 2. b3 e5 3. Bb2 Qe7 4. e4 Nf6 5. Nc3 Qd8 6. Bb5 Bc5 7. O-O d6 8. d4 exd4 9. Nxd4 Bd7 10. Nf5 O-O 11. Nd5 Nxd5 12. Qg4 Bd4 13. Bxd4 g6 14. Nh6# 1-0


[Site "https://www.chess.com"]

[Event "Titled Tuesday Blitz January 31 Early 2023"]
[White "Alfaro, William"]
[Black "Ramirez Allo, Eduardo"]
[WhiteFideId "6100457"]
[BlackFideId "2224178"]
[WhiteElo "2134"]
[BlackElo "2274"]
[Result "0-1"]
[Round "11"]
[TimeControl "180+2"]
[Date "2023.01.31"]
[WhiteClock "0:02:16"]
[BlackClock "0:02:15"]

1. e4 c5 2. Nf3 d6 3. d4 cxd4 4. Nxd4 Nf6 5. Nc3 a6 6. Bg5 Nbd7 7. f4 Qc7 8. Qf3 h6 9. Bh4 g5 10. Bf2 gxf4 11. O-O-O h5 12. h3 Ne5 13. Qxf4 Bh6 14. Be3 Bxf4 15. Bxf4 b5 16. Bg5 Be6 17. a3 Rc8 18. Rd2 Qa5 19. Bxf6 exf6 20. Bxb5+ axb5 21. Ndxb5 O-O 0-1


[Site "https://www.chess.com"]

[Event "Titled Tuesday Blitz January 31 Early 2023"]
[White "Lauridsen, Jesper Morch"]
[Black "Guliev, Logman"]
[WhiteFideId "1401890"]
[BlackFideId "13400061"]
[WhiteElo "2309"]
[BlackElo "2250"]
[Result "0-1"]
[Round "11"]
[TimeControl "180+2"]
[Date "2023.01.31"]
[WhiteClock "0:00:01"]
[BlackClock "0:00:28"]

1. d4 d5 2. Nf3 Nf6 3. Bf4 Bg4 4. e3 Nbd7 5. Nbd2 e6 6. Be2 Be7 7. O-O O-O 8. a4 c5 9. dxc5 Nxc5 10. Ne5 Bxe2 11. Qxe2 Rc8 12. a5 a6 13. c3 Nfe4 14. Ra2 Nxd2 15. Qxd2 Nb3 16. Qd3 Nxa5 17. e4 dxe4 18. Qxe4 Nc6 19. b4 Bg5 20. Rd2 Qf6 21. Bxg5 Qxe5 22. Qxe5 Nxe5 23. Be3 Nc4 24. Rd3 Rfd8 25. Rfd1 Rxd3 26. Rxd3 Nxe3 27. fxe3 Kf8 28. Kf2 Ke7 29. e4 Rd8 30. Rg3 Rd2+ 31. Ke3 Rc2 32. Kd3 Rb2 33. Rxg7 b6 34. Rxh7 Rxg2 35. Rh8 a5 36. bxa5 bxa5 37. Ra8 Rxh2 38. Rxa5 Kf6 39. c4 Rh1 40. c5 Rc1 41. Kd4 Rd1+ 42. Ke3 Ke5 43. c6+ Kd6 44. Ra7 Rf1 0-1


[Site "https://www.chess.com"]

[Event "Titled Tuesday Blitz January 31 Early 2023"]
[White "Matt, Fabian"]
[Black "Koridze, Lile"]
[WhiteFideId "1623303"]
[BlackFideId "13612514"]
[WhiteElo "2308"]
[BlackElo "2191"]
[Result "0-1"]
[Round "11"]
[TimeControl "180+2"]
[Date "2023.01.31"]
[WhiteClock "0:00:01"]
[BlackClock "0:00:33"]

1. d4 Nf6 2. c4 e6 3. Nf3 d5 4. g3 Bb4+ 5. Bd2 Bxd2+ 6. Nbxd2 O-O 7. Bg2 c6 8. O-O b6 9. cxd5 cxd5 10. Rc1 Ba6 11. Re1 Nbd7 12. Qa4 Bb7 13. e3 a6 14. Bf1 b5 15. Qa3 Nb6 16. b3 Nfd7 17. Rc2 Qf6 18. Rec1 Rfc8 19. Qd6 Rxc2 20. Rxc2 Rc8 21. Rxc8+ Bxc8 22. Ne5 Qd8 23. Ndf3 Qf8 24. Qc7 f6 25. Nxd7 Nxd7 26. a4 bxa4 27. bxa4 Kf7 28. Bxa6 Bxa6 29. Qxd7+ Qe7 30. Qc6 Bc4 31. Nd2 Be2 32. a5 Qa7 33. Nb3 Qb8 34. Qb6 Qc8 35. Nc5 e5 36. a6 exd4 37. Qb7+ Qxb7 38. axb7 d3 39. b8=Q d2 40. Qb7+ Kg6 0-1


[Site "https://www.chess.com"]

[Event "Titled Tuesday Blitz January 31 Early 2023"]
[White "Wartiovaara, Oliver"]
[Black "Zaichenko, Daria"]
[WhiteFideId "513024"]
[BlackFideId "4197453"]
[WhiteElo "2264"]
[BlackElo "2104"]
[Result "0-1"]
[Round "11"]
[TimeControl "180+2"]
[Date "2023.01.31"]
[WhiteClock "0:00:02"]
[BlackClock "0:00:59"]

1. c4 e6 2. Nf3 d5 3. g3 c5 4. Bg2 Nc6 5. d4 Nf6 6. cxd5 exd5 7. O-O cxd4 8. Nxd4 Be7 9. Nxc6 bxc6 10. Qc2 Bd7 11. Nc3 O-O 12. Rd1 Be6 13. Na4 Rc8 14. Nc5 Qd6 15. b4 a5 16. Bf4 Qd8 17. Nb7 Qb6 18. Nxa5 Bxb4 19. Nb3 Be7 20. Rab1 c5 21. Nd4 Qa6 22. Nxe6 fxe6 23. e4 d4 24. Bf1 Qc6 25. Bc4 Kf7 26. Rb3 Qxe4 27. Qxe4 Nxe4 28. Re1 Ng5 29. Bxg5 Bxg5 30. Rxe6 Bf6 31. Rb7+ Kg6 32. Bd3+ Kh6 33. Bc4 Rfe8 34. Rbb6 Rxe6 35. Rxe6 Rb8 36. h4 Rb4 37. Bd3 c4 38. Bf5 d3 39. g4 d2 40. Rd6 g6 41. Bc2 Bc3 42. Rd7 Rb2 43. Bd1 g5 44. h5 Rb1 45. Rd6+ Kg7 46. h6+ Kf7 0-1


[Site "https://www.chess.com"]

[Event "Titled Tuesday Blitz January 31 Early 2023"]
[White "Llanos, Guillermo"]
[Black "Cueto, Jonny"]
[WhiteFideId "100358"]
[BlackFideId "3300145"]
[WhiteElo "2290"]
[BlackElo "2122"]
[Result "1-0"]
[Round "11"]
[TimeControl "180+2"]
[Date "2023.01.31"]
[WhiteClock "0:00:53"]
[BlackClock "0:00:01"]

1. e4 d6 2. d4 Nf6 3. Nc3 e5 4. Nf3 Nbd7 5. Be2 g6 6. O-O Bg7 7. h3 O-O 8. Be3 c6 9. a4 Re8 10. dxe5 dxe5 11. Nd2 Qc7 12. Nc4 Bf8 13. a5 Bc5 14. Qd2 Bxe3 15. fxe3 Rf8 16. Nd6 Nc5 17. Rxf6 Be6 18. Nc4 Rad8 19. Qe1 Qe7 20. Rf3 Kg7 21. Nd2 Rd7 22. Bc4 Rfd8 23. Bxe6 Qxe6 24. Nf1 Qc4 25. Rd1 Rxd1 26. Nxd1 Qxc2 27. Nf2 Qxb2 28. Ng4 h5 29. Nf6 Rd6 30. Qh4 Re6 31. Qg5 Kf8 32. Qh6+ Ke7 33. Qh8 Kd6 34. Qf8+ Kc7 35. Qxc5 Qe2 36. Qxa7 Qc2 37. Qb6+ Kb8 38. Nd7+ Ka8 39. Nc5 Re7 40. a6 Qb1 41. Qxb1 1-0


[Site "https://www.chess.com"]

[Event "Titled Tuesday Blitz January 31 Early 2023"]
[White "Alahakoon, Isuru"]
[Black "Gatterer, Florian"]
[WhiteFideId "9900993"]
[BlackFideId "811688"]
[WhiteElo "1819"]
[BlackElo "2170"]
[Result "0-1"]
[Round "11"]
[TimeControl "180+2"]
[Date "2023.01.31"]
[WhiteClock "0:00:11"]
[BlackClock "0:00:27"]

1. Nf3 Nf6 2. d4 d5 3. c4 e6 4. Nc3 c5 5. e3 Nc6 6. cxd5 Nxd5 7. Bd3 cxd4 8. exd4 Be7 9. O-O Nf6 10. Re1 O-O 11. Bg5 b6 12. Bc2 Bb7 13. a3 Rc8 14. Qd3 g6 15. Rad1 Nd5 16. Bh6 Re8 17. Ne4 Bf8 18. Bg5 Be7 19. Ba4 Bxg5 20. Nexg5 a6 21. Bxc6 Bxc6 22. Qe4 Nf6 23. Qh4 Nh5 24. Ne5 f6 25. Nxc6 Rxc6 26. Nf3 Rd6 27. g4 Ng7 28. Qg3 e5 29. h3 exd4 30. Qf4 Rxe1+ 31. Rxe1 d3 32. Rd1 Ne6 33. Qc4 Kg7 34. Rd2 b5 35. Qb3 Nf4 36. Kh2 Qc7 37. Qc3 Rc6 0-1


[Site "https://www.chess.com"]

[Event "Titled Tuesday Blitz January 31 Early 2023"]
[White "matenitian"]
[Black "Ciuffoletti, Paolo"]
[BlackFideId "807630"]
[WhiteElo "2434"]
[BlackElo "2106"]
[Result "1-0"]
[Round "11"]
[TimeControl "180+2"]
[Date "2023.01.31"]
[WhiteClock "0:00:37"]
[BlackClock "0:00:03"]

1. e4 c5 2. Nc3 Nc6 3. g3 g6 4. Bg2 Bg7 5. d3 d6 6. Be3 e6 7. Qd2 Nd4 8. Nge2 Ne7 9. O-O Rb8 10. Bh6 O-O 11. Bxg7 Kxg7 12. Nd1 b5 13. Nf4 e5 14. Ne2 Bh3 15. Nxd4 Bxg2 16. Nf5+ Nxf5 17. Kxg2 Nd4 18. c3 Ne6 19. Ne3 f5 20. Nd5 f4 21. f3 g5 22. g4 h5 23. h3 hxg4 24. hxg4 Nc7 25. Nxc7 Qxc7 26. d4 Rh8 27. Rad1 Rbd8 28. Qe2 c4 29. dxe5 dxe5 30. Rd5 Rxd5 31. exd5 Kf6 32. Re1 Qd6 33. Qe4 Ke7 34. Qf5 Qh6 35. Qxe5+ Kd8 36. Qb8+ Kd7 37. Qxb5+ Kd8 38. Qb8+ Kd7 39. Qb7+ Kd8 40. Qe7+ Kc8 41. Qe6+ Qxe6 42. dxe6 Re8 43. e7 Kd7 44. Re4 Rxe7 45. Rxe7+ Kxe7 46. Kf2 Kd6 47. Ke2 Kc5 48. Kd2 a5 49. b3 1-0


[Site "https://www.chess.com"]

[Event "Titled Tuesday Blitz January 31 Early 2023"]
[White "Jimenez, Joaquin"]
[Black "Fajdetic, Hrvoje"]
[WhiteFideId "109860"]
[BlackFideId "14501945"]
[WhiteElo "2195"]
[BlackElo "2151"]
[Result "1-0"]
[Round "11"]
[TimeControl "180+2"]
[Date "2023.01.31"]
[WhiteClock "0:01:04"]
[BlackClock "0:01:10"]

1. e4 c5 2. Nf3 a6 3. d4 cxd4 4. Qxd4 Nc6 5. Qd2 g6 6. c4 Bg7 7. Nc3 d6 8. b3 Nf6 9. Bb2 O-O 10. Bd3 Bg4 11. Bc2 Bxf3 12. gxf3 Nh5 13. O-O-O Nd4 14. Nd5 Nxc2 15. Kxc2 Bxb2 16. Kxb2 b5 17. cxb5 axb5 18. f4 e6 19. Nb4 Qf6+ 20. Qc3 Qxf4 21. Nc6 Rfe8 22. f3 Rac8 23. Ne7+ Rxe7 24. Qxc8+ Kg7 25. Qc3+ f6 26. Rd2 Rb7 27. Rhd1 b4 28. Qc6 Rf7 29. Qxd6 Qxf3 30. Qxe6 Nf4 31. Qc4 h5 1-0


[Site "https://www.chess.com"]

[Event "Titled Tuesday Blitz January 31 Early 2023"]
[White "Osmonbekov, Talaibek"]
[Black "Belov, Alexei"]
[WhiteFideId "2017253"]
[BlackFideId "4128206"]
[WhiteElo "2137"]
[BlackElo "2421"]
[Result "1-0"]
[Round "11"]
[TimeControl "180+2"]
[Date "2023.01.31"]
[WhiteClock "0:00:10"]
[BlackClock "0:00:11"]

1. d4 e6 2. Bf4 Nf6 3. Nc3 a6 4. e3 c5 5. Nf3 Nc6 6. d5 exd5 7. Nxd5 Nxd5 8. Qxd5 Be7 9. Bc4 O-O 10. h4 Nb4 11. Qh5 d5 12. Bd3 h6 13. O-O-O Be6 14. Bxh6 Nxd3+ 15. Rxd3 gxh6 16. Qxh6 Bf5 17. e4 Bxe4 18. Ng5 Bg6 19. Rg3 Bf6 20. Ne6 Qe8 21. h5 fxe6 22. Rxg6+ Kf7 23. Qh7+ 1-0


[Site "https://www.chess.com"]

[Event "Titled Tuesday Blitz January 31 Early 2023"]
[White "Petrova, Irina"]
[Black "Gottstein, Claudius-Thomas"]
[WhiteFideId "14124122"]
[BlackFideId "4653327"]
[WhiteElo "2108"]
[BlackElo "2113"]
[Result "1/2-1/2"]
[Round "11"]
[TimeControl "180+2"]
[Date "2023.01.31"]
[WhiteClock "0:00:07"]
[BlackClock "0:00:04"]

1. e4 Nf6 2. e5 Nd5 3. d4 d6 4. exd6 cxd6 5. c4 Nb6 6. Nc3 Nc6 7. Be3 g6 8. Rc1 Bg7 9. b3 O-O 10. h3 e5 11. Nf3 Nd7 12. d5 Ne7 13. Be2 f5 14. Ng5 Nb6 15. Ne6 Bxe6 16. dxe6 f4 17. Bxb6 Qxb6 18. a4 Nf5 19. Nd5 Qa5+ 20. b4 Qd8 21. O-O Re8 22. Bg4 Rxe6 23. Bxf5 gxf5 24. Qh5 Qf8 25. Nc7 Rh6 26. Qf3 Rb8 27. Rfd1 Qf7 28. Nb5 Bf8 29. Nxa7 Ra8 30. Nb5 Rxa4 31. Qb3 Ra8 32. Rd5 Rg6 33. Rcd1 Qg7 34. c5 Rxg2+ 35. Kh1 Kh8 36. cxd6 e4 37. d7 f3 38. Qc3 Qxc3 39. Nxc3 Rd8 40. Rg1 Rxg1+ 41. Kxg1 Bxb4 42. Nb5 Kg7 43. Nc7 Kf6 44. Rb5 Rxd7 45. Rxb7 Ke5 46. Rb5+ Kd6 47. Ne8+ Ke7 48. Ng7 Bd6 49. Nxf5+ Kf6 50. Nxd6 Rxd6 51. Kh2 Rd2 52. Kg3 Re2 53. h4 h5 54. Rxh5 e3 55. fxe3 Rxe3 56. Kf2 Ra3 57. Rb5 Kg6 58. h5+ Kh6 59. Rf5 Ra2+ 60. Kxf3 Rh2 61. Kg4 Rg2+ 62. Kh3 Rg5 63. Rxg5 Kxg5 64. h6 Kxh6 1/2-1/2


[Site "https://www.chess.com"]

[Event "Titled Tuesday Blitz January 31 Early 2023"]
[White "Corredor Castellanos, Camilo"]
[Black "Skliarov, Viktor"]
[WhiteFideId "4425871"]
[BlackFideId "14106736"]
[WhiteElo "1957"]
[BlackElo "2383"]
[Result "0-1"]
[Round "11"]
[TimeControl "180+2"]
[Date "2023.01.31"]
[WhiteClock "0:00:38"]
[BlackClock "0:01:47"]

1. d4 Nf6 2. c4 e6 3. Nf3 Bb4+ 4. Bd2 a5 5. g3 O-O 6. Bg2 d5 7. cxd5 exd5 8. O-O c6 9. e3 Bf5 10. a3 Bd6 11. Nc3 Nbd7 12. Re1 Re8 13. Nh4 Bd3 14. Bc1 Bg6 15. Nxg6 hxg6 16. e4 dxe4 17. Bg5 Qb6 18. Nxe4 Nxe4 19. Rxe4 Rxe4 20. Bxe4 Re8 21. Bf3 Nf6 22. Bxf6 gxf6 23. d5 Bc5 24. Kg2 Qxb2 25. dxc6 Qxf2+ 26. Kh1 Re1+ 0-1


[Site "https://www.chess.com"]

[Event "Titled Tuesday Blitz January 31 Early 2023"]
[White "Pein, Jonathan"]
[Black "Rian, Kapriaga"]
[WhiteFideId "417092"]
[BlackFideId "7103263"]
[WhiteElo "2265"]
[BlackElo "2089"]
[Result "0-1"]
[Round "11"]
[TimeControl "180+2"]
[Date "2023.01.31"]
[WhiteClock "0:01:37"]
[BlackClock "0:00:44"]

1. d4 Nf6 2. g4 d5 3. g5 Ne4 4. f3 Nd6 5. Nc3 c6 6. Bf4 Bf5 7. Qd2 e6 8. h4 Na6 9. e3 Nb4 10. Rc1 h5 11. a3 Na6 12. Nge2 Nc4 13. Ng3 Nxd2 14. Kxd2 Bd6 15. Nxf5 exf5 16. Bxd6 Qxd6 17. f4 g6 18. Bxa6 bxa6 19. Na4 Rb8 20. b3 Rb5 21. Ra1 Ke7 22. Nb2 Rhb8 23. Nd3 c5 24. a4 Ra5 25. Rhe1 c4 26. Ne5 cxb3 27. cxb3 Rxb3 28. Rac1 Rxa4 29. Rc2 Raa3 30. Rec1 Qb4+ 31. Kd1 Rd3+ 32. Nxd3 Rxd3+ 33. Ke2 Qa3 34. Rc8 Rxe3+ 35. Kf2 Rf3+ 36. Kg1 Rg3+ 37. Kh2 Rh3+ 38. Kg2 Qf3+ 39. Kg1 Rh1# 0-1


[Site "https://www.chess.com"]

[Event "Titled Tuesday Blitz January 31 Early 2023"]
[White "Buscar, Michael"]
[Black "Toczek, Grzegorz"]
[WhiteFideId "2603616"]
[BlackFideId "1106457"]
[WhiteElo "2041"]
[BlackElo "2260"]
[Result "1/2-1/2"]
[Round "11"]
[TimeControl "180+2"]
[Date "2023.01.31"]
[WhiteClock "0:00:18"]
[BlackClock "0:00:54"]

1. e4 e6 2. Nf3 d5 3. Nc3 Nf6 4. exd5 Nxd5 5. Bc4 Be7 6. O-O O-O 7. Ne2 c5 8. d4 Nc6 9. c3 a6 10. Bd3 b5 11. Bc2 Nf6 12. dxc5 Qxd1 13. Rxd1 Bxc5 14. Bg5 Bb7 15. Ned4 Nxd4 16. Nxd4 Rac8 17. Nb3 Bb6 18. Bxf6 gxf6 19. Rd7 Bc6 20. Rd6 Rfd8 21. Rad1 Rxd6 22. Rxd6 f5 23. Bd1 Kf8 24. Bf3 Bxf3 25. Rxb6 Bd5 26. Rxa6 b4 27. f3 bxc3 28. bxc3 Rxc3 29. Kf2 Bxb3 30. axb3 Rxb3 31. Kg3 Kg7 32. h4 h5 33. Ra5 Kg6 34. Rc5 f6 35. Rc8 e5 36. Rg8+ Kf7 37. Rh8 Kg6 38. Rg8+ Kh6 39. Rh8+ Kg6 40. Rg8+ 1/2-1/2


[Site "https://www.chess.com"]

[Event "Titled Tuesday Blitz January 31 Early 2023"]
[White "Sowul, Bartosz"]
[Black "Orujov, Elshad"]
[WhiteFideId "1137590"]
[BlackFideId "13403540"]
[WhiteElo "2269"]
[BlackElo "2304"]
[Result "1/2-1/2"]
[Round "11"]
[TimeControl "180+2"]
[Date "2023.01.31"]
[WhiteClock "0:00:18"]
[BlackClock "0:00:10"]

1. e4 c5 2. Nf3 d6 3. d4 cxd4 4. Nxd4 Nf6 5. Nc3 a6 6. Rg1 h5 7. a4 e5 8. Nb3 Be7 9. h3 Be6 10. g4 hxg4 11. hxg4 Nc6 12. g5 Nd7 13. Be3 Nc5 14. Nxc5 dxc5 15. Nd5 Bxd5 16. exd5 Nd4 17. c3 Nf5 18. g6 Nxe3 19. gxf7+ Kxf7 20. Qf3+ Bf6 21. fxe3 Qd6 22. Bh3 Raf8 23. Be6+ Ke7 24. O-O-O Kd8 25. Rh1 Kc7 26. Rxh8 Rxh8 27. Rh1 Rxh1+ 28. Qxh1 Bg5 29. Qf3 Kb8 30. Kc2 Ka7 31. Qg3 Bh6 32. e4 c4 33. Qf2+ Kb8 34. a5 Bf4 35. b4 cxb3+ 36. Kxb3 g5 37. c4 Qd8 38. Qe1 Qh8 39. c5 Qh5 40. c6 Qf3+ 41. Ka4 Qd3 42. Qb4 Qc2+ 43. Qb3 Qxb3+ 44. Kxb3 bxc6 45. d6 Bd2 46. Kc4 Bxa5 47. Kc5 Bd8 48. Kxc6 a5 49. Kd7 Bf6 50. Kc6 a4 51. Kb5 a3 52. Ka4 g4 53. Kxa3 g3 54. Bh3 Kb7 55. Kb4 Kc6 56. d7 g2 57. Bxg2 Kxd7 58. Kc4 Kd6 59. Bh3 Bg5 60. Bf5 Bf4 61. Bg4 Bh2 62. Bf5 Bf4 63. Bg4 Bh2 64. Bf5 Bf4 1/2-1/2


[Site "https://www.chess.com"]

[Event "Titled Tuesday Blitz January 31 Early 2023"]
[White "Szente Varga, Fruzsina"]
[Black "Sai Han Thiha"]
[WhiteFideId "712264"]
[BlackFideId "13012290"]
[WhiteElo "2075"]
[BlackElo "2070"]
[Result "0-1"]
[Round "11"]
[TimeControl "180+2"]
[Date "2023.01.31"]
[WhiteClock "0:01:38"]
[BlackClock "0:00:57"]

1. e4 c6 2. d4 d5 3. Nc3 dxe4 4. Nxe4 Nf6 5. Nxf6+ exf6 6. c3 Bd6 7. Bd3 O-O 8. Ne2 Re8 9. Qc2 h5 10. Bd2 Nd7 11. O-O-O Nf8 12. Bf4 Rxe2 13. Qxe2 Bxf4+ 14. Kb1 Be6 15. Qxh5 b5 16. g3 Bd6 17. f4 Qa5 18. b3 Qxc3 19. Qe2 Bd5 20. Rc1 Qxd4 21. Rhd1 Qb4 22. Bxb5 a5 23. Bc4 a4 24. Bxd5 cxd5 25. Qd2 axb3 26. Qxb4 bxa2+ 27. Kb2 Bxb4 28. Rxd5 Ba3+ 0-1


[Site "https://www.chess.com"]

[Event "Titled Tuesday Blitz January 31 Early 2023"]
[White "Mione, Dario"]
[Black "Mosquera, Miguel"]
[WhiteFideId "806625"]
[BlackFideId "4401131"]
[WhiteElo "2228"]
[BlackElo "2371"]
[Result "1-0"]
[Round "11"]
[TimeControl "180+2"]
[Date "2023.01.31"]
[WhiteClock "0:01:09"]
[BlackClock "0:00:03"]

1. Nf3 d5 2. e3 Nf6 3. b3 c5 4. Bb2 Nc6 5. d4 e6 6. c4 Be7 7. Nbd2 O-O 8. Rc1 Re8 9. Bd3 Nb4 10. Bb1 b6 11. O-O Bb7 12. Ne5 Rc8 13. Ndf3 Nd7 14. Bxh7+ Kxh7 15. Nxf7 Qc7 16. N3g5+ Bxg5 17. Nxg5+ Kg6 18. f4 Nf6 19. a3 dxc4 20. axb4 Qc6 21. Rf3 cxd4 22. Bxd4 Qd5 23. Rg3 Nh5 24. e4 Qd7 25. Nxe6+ Nxg3 26. Qg4+ Kh7 27. Ng5+ Kg8 28. Qxd7 Ne2+ 29. Kf2 Nxd4 30. Qf7+ Kh8 31. Qh5+ Kg8 32. Qh7+ Kf8 33. Qh8+ Ke7 34. Qxg7+ Kd6 35. Qxb7 Rc7 36. Qd5+ Ke7 37. Qxd4 Rd7 38. Qe5+ Kd8 39. Ne6+ Kc8 40. Rxc4+ Kb7 41. Rc7+ Ka6 42. b5+ Ka5 43. Rxd7 1-0


[Site "https://www.chess.com"]

[Event "Titled Tuesday Blitz January 31 Early 2023"]
[White "Thomas, Anysia"]
[Black "Mohammed, Zozek Salah Mohammed"]
[WhiteFideId "670472"]
[BlackFideId "4803361"]
[WhiteElo "2147"]
[BlackElo "2210"]
[Result "0-1"]
[Round "11"]
[TimeControl "180+2"]
[Date "2023.01.31"]
[WhiteClock "0:00:02"]
[BlackClock "0:00:26"]

1. d4 d5 2. c4 c6 3. Nf3 Nf6 4. e3 e6 5. Qc2 Nbd7 6. b3 Bd6 7. Bb2 O-O 8. Nbd2 Re8 9. Be2 e5 10. dxe5 Nxe5 11. O-O Bg4 12. Rad1 Qc7 13. h3 Bh5 14. cxd5 Nxd5 15. Rfe1 Bg6 16. e4 Nb4 17. Qb1 Rad8 18. Nh4 Ned3 19. Nxg6 Nxe1 20. e5 Bc5 21. Nf4 Qb6 22. Ne4 Rxd1 23. Bxd1 Bd4 24. Ba3 Bxe5 25. Nh5 Nbd3 26. Be2 Qd4 27. Bf3 g6 28. Nhg3 Bxg3 29. Nxg3 Qxf2+ 30. Kh2 Nxf3+ 0-1


[Site "https://www.chess.com"]

[Event "Titled Tuesday Blitz January 31 Early 2023"]
[White "Jovic, Stanoje"]
[Black "MunichMouse"]
[WhiteFideId "905020"]
[WhiteElo "2075"]
[BlackElo "2204"]
[Result "1-0"]
[Round "11"]
[TimeControl "180+2"]
[Date "2023.01.31"]
[WhiteClock "0:00:22"]
[BlackClock "0:00:03"]

1. c4 e5 2. g3 g6 3. d4 Bg7 4. dxe5 Nc6 5. f4 f6 6. exf6 Nxf6 7. Nc3 O-O 8. Nf3 Re8 9. Bg2 d6 10. O-O Bf5 11. Ng5 h6 12. Bd5+ Kf8 13. e4 Bg4 14. Nh7+ Ke7 15. Nxf6 Bxd1 16. Nxe8 Bd4+ 17. Kg2 Bg4 18. f5 gxf5 19. exf5 Qxe8 20. Bxh6 Bh3+ 21. Kxh3 Qh5+ 22. Kg2 Qxh6 23. Rae1+ Be5 24. f6+ Kf8 25. Ne4 Nd4 26. c5 Rd8 27. cxd6 Rxd6 28. Nxd6 cxd6 29. f7 Ne6 30. Re2 Ng5 31. h4 Ne6 32. Rc2 Nc5 33. b4 Qh7 34. Rff2 Qd3 35. Bf3 1-0


[Site "https://www.chess.com"]

[Event "Titled Tuesday Blitz January 31 Early 2023"]
[White "Kornyukov, Alexey"]
[Black "Zacurdajev, Dmitry"]
[WhiteFideId "4150457"]
[BlackFideId "4196309"]
[WhiteElo "2452"]
[BlackElo "2273"]
[Result "1-0"]
[Round "11"]
[TimeControl "180+2"]
[Date "2023.01.31"]
[WhiteClock "0:02:11"]
[BlackClock "0:01:30"]

1. e4 c6 2. Nf3 d5 3. exd5 cxd5 4. d4 Nc6 5. Bb5 Nf6 6. Nc3 Bg4 7. O-O e6 8. h3 Bh5 9. g4 Bg6 10. Ne5 Rc8 11. f4 Be4 12. g5 Nd7 13. Nxe4 dxe4 14. d5 Ndxe5 15. dxc6 Qxd1 16. cxb7+ Ke7 17. bxc8=N+ Kd8 18. Rxd1+ Kxc8 19. fxe5 Bc5+ 20. Kg2 1-0


[Site "https://www.chess.com"]

[Event "Titled Tuesday Blitz January 31 Early 2023"]
[White "ritanovikova"]
[Black "Gressmann, Moritz"]
[BlackFideId "24695084"]
[WhiteElo "2206"]
[BlackElo "2129"]
[Result "0-1"]
[Round "11"]
[TimeControl "180+2"]
[Date "2023.01.31"]
[WhiteClock "0:00:32"]
[BlackClock "0:01:59"]

1. e4 e5 2. Nf3 Nf6 3. Nxe5 Nc6 4. Nxc6 dxc6 5. Nc3 Bc5 6. Bc4 Bxf2+ 7. Kxf2 Qd4+ 8. Kf1 Qxc4+ 9. d3 Qc5 10. h3 Be6 11. Qe1 O-O-O 12. Be3 Qb4 13. Nd1 Qd6 14. Ke2 Rhe8 15. Nf2 c5 16. b3 Kb8 17. Qa5 b6 18. Qc3 Bc8 19. Kd2 Nxe4+ 20. Nxe4 Rxe4 21. Rae1 Qg3 22. Rhg1 Rxe3 23. Rxe3 Qf2+ 24. Re2 Qxg1 25. Qxg7 Qf1 26. Qxf7 Qxf7 0-1


[Site "https://www.chess.com"]

[Event "Titled Tuesday Blitz January 31 Early 2023"]
[White "Gonzalez, Francisco Silva"]
[Black "Ardila, Oscar Humberto"]
[WhiteFideId "1512285"]
[BlackFideId "4404742"]
[WhiteElo "2021"]
[BlackElo "1982"]
[Result "0-1"]
[Round "11"]
[TimeControl "180+2"]
[Date "2023.01.31"]
[WhiteClock "0:00:41"]
[BlackClock "0:01:02"]

1. d4 Nf6 2. c4 g6 3. Nc3 Bg7 4. e4 d6 5. f3 c6 6. a4 Nbd7 7. a5 Qc7 8. Be3 e5 9. d5 cxd5 10. Nb5 Qb8 11. cxd5 a6 12. Nc3 Qc7 13. Nge2 Nc5 14. b4 Ncd7 15. Na4 O-O 16. Rc1 Qd8 17. Nb6 Nxb6 18. Bxb6 Qe8 19. Ng3 h5 20. h4 Bh6 21. Rc7 Nd7 22. Bf2 Qd8 23. Bd3 Qxc7 24. Ne2 b6 25. g4 bxa5 26. gxh5 axb4 27. Rg1 Kh7 28. Bb1 Nf6 29. hxg6+ fxg6 30. Qb3 a5 31. Ng3 Qc3+ 32. Qxc3 bxc3 33. Ke2 Ba6+ 34. Bd3 Rfb8 35. Bxa6 Rb2+ 36. Kd3 Rxa6 37. Rf1 c2 38. Kc3 Ra2 39. Kb3 c1=Q 40. Rxc1 Rxf2 41. Rc7+ Bg7 42. Nh1 Rxf3+ 43. Kc4 a4 44. Kb5 Ra8 45. Rc1 a3 46. Rc8 Rxc8 0-1


[Site "https://www.chess.com"]

[Event "Titled Tuesday Blitz January 31 Early 2023"]
[White "Dwilewicz, Katarzyna"]
[Black "Tuleyeva-Aketayeva, Dana"]
[WhiteFideId "1148486"]
[BlackFideId "13701932"]
[WhiteElo "2115"]
[BlackElo "2130"]
[Result "0-1"]
[Round "11"]
[TimeControl "180+2"]
[Date "2023.01.31"]
[WhiteClock "0:00:04"]
[BlackClock "0:00:05"]

1. e4 c5 2. Nc3 Nc6 3. g3 g6 4. Bg2 Bg7 5. Nge2 Nf6 6. d3 O-O 7. f4 d6 8. O-O Rb8 9. a4 Nd4 10. Nxd4 cxd4 11. Ne2 Nd7 12. b3 a5 13. Bb2 Qb6 14. Qe1 Qc5 15. Rc1 e5 16. Qf2 b5 17. axb5 Rxb5 18. Ba1 Rb8 19. h3 Ba6 20. f5 Bh6 21. f6 Bxc1 22. Rxc1 Qc8 23. g4 h6 24. Qh4 Qd8 25. Rf1 Re8 26. g5 hxg5 27. Qxg5 Re6 28. Nxd4 Rxf6 29. Nf5 Rxf5 30. Qxd8+ Rxd8 31. exf5 Kg7 32. fxg6 fxg6 33. Bc3 Rc8 34. Bxa5 Rxc2 35. Rd1 Nc5 36. b4 Nxd3 37. Bf1 e4 38. Rb1 d5 39. b5 Bc8 40. b6 Bb7 41. Rb3 Rc1 42. Kg2 Nf4+ 43. Kf2 Nd3+ 44. Bxd3 exd3 45. Rxd3 Rc2+ 46. Kg3 Rc5 47. Bc3+ Kh7 48. Bd4 Rb5 49. Kg4 Bc8+ 50. Kg5 Bf5 51. h4 Bxd3 52. h5 gxh5 0-1


[Site "https://www.chess.com"]